[Event "Klubbmästerskap 2025 Tisdag"]
[Site "Linköping, Sweden"]
[Date "2025.02.11"]
[Round "4.1"]
[White "Olsson, Simon"]
[Black "Nyberg, Peter"]
[Result "1/2-1/2"]
[TimeControl "90 min + 30 sec/move"]
[WhiteElo "2075"]
[BlackElo "1972"]

1. d4 Nf6 2. c4 g6 3. h4 Bg7 4. Nc3 d6 5. e4 Nc6 6. d5 Ne5 7. Be2 h5 8. Bf4 c6 9. Bxe5 dxe5 10.
dxc6 Qxd1+ 11. Bxd1 bxc6 12. Ba4 Bb7 13. Nf3 Nd7 14. O-O-O a5 15. Bc2 Ba6 16. Na4 O-O-O 17. b3 Kc7 18.
Kb1 f6 19. Ne1 e6 20. Nd3 Bh6 21. g3 Bc8 22. f4 exf4 23. Nxf4 Bxf4 24. gxf4 e5 25. Rhf1 Rhf8 26. f5 g5 27.
c5 g4 28. Bd3 Nb8 29. Nb2 Ba6 30. Bc4 Rxd1+ 31. Rxd1 Rd8 32. Rc1 Rd2 33. Bf7 Rh2 34. Bxh5 Rxh4 35. Bf7 g3 36. Rg1 Rg4 37.
Bc4 Bxc4 38. Nxc4 Nd7 39. Ne3 Rg5 40. Nf1 Nxc5 41. Rxg3 Nxe4 42. Rxg5 Nxg5 43. Kc2 Nf3 44. Ne3 e4 45. Kc3 Kd6 46. Nc4+ Kd5 47. Nxa5 Nd4 48.
Nc4 Nxf5 49. a4 Nd6 50. Ne3+ Kc5 51. b4+ Kb6 52. Kd4 Kc7 53. b5 cxb5 54. axb5 Nxb5+ 55. Kxe4 Nd6+ 56. Kf4 Kd7 57.
Ng4 Ke6 58. Nxf6 Kxf6 1/2-1/2

[Event "Klubbmästerskap 2025 Tisdag"]
[Site "Linköping, Sweden"]
[Date "2025.02.11"]
[Round "4.2"]
[White "Rogoz, Vladyslav"]
[Black "Carlsson, Ingvar"]
[Result "1-0"]
[TimeControl "90 min + 30 sec/move"]
[WhiteElo "2099"]
[BlackElo "1996"]

1. d4 Nf6 2. c4 g6 3. Nc3 d5 4. cxd5 Nxd5 5. e4 Nxc3 6. bxc3 Bg7 7. Bc4 c5 8. Ne2 Nc6 9. Be3 O-O 10.
O-O Qc7 11. Rc1 e6 12. h4 b6 13. h5 Na5 14. Bd3 Bb7 15. h6 Bf6 16. e5 Be7 17. Ng3 f5 18. exf6 Bxf6 19. Qg4 Rae8 20.
Nh5 Kh8 21. Nxf6 Rxf6 22. dxc5 bxc5 23. Qg5 Rf7 24. Qxc5 Qxc5 25. Bxc5 Nc6 26. Rfe1 Rd7 27. Bc4 Nd8 28. Bd4+ Kg8 29.
Rb1 Kf7 30. Re3 Rc7 31. Bb3 Bc6 32. Be5 Rd7 33. c4 Nb7 34. Bd1 Ke7 35. Bg4 Nc5 36. Bb2 Rb7 37. Re5 Nd3 1-0

[Event "Klubbmästerskap 2025 Tisdag"]
[Site "Linköping, Sweden"]
[Date "2025.02.11"]
[Round "4.3"]
[White "Grundel, Sam"]
[Black "Andersson, Mats 1960"]
[Result "1/2-1/2"]
[TimeControl "90 min + 30 sec/move"]
[BlackTitle "FM"]
[WhiteElo "2019"]
[BlackElo "2263"]

1. e4 c5 2. Nf3 d6 3. d4 cxd4 4. Nxd4 Nf6 5. Nc3 a6 6. Bg5 e6 7. f4 h6 8. Bh4 Qb6 9. Qd2 Qxb2 10.
Rb1 Qa3 11. e5 dxe5 12. fxe5 g5 13. Bg3 Nh5 14. Bf2 Qa5 15. Nb3 Qxe5+ 16. Be2 Nc6 17. O-O Nf4 18. Bf3 Qd6 19. Bxc6+ Qxc6 20.
Bd4 Rg8 21. Na5 Qc7 22. Ne4 Be7 23. Bf6 Rg6 24. Bxe7 Qxe7 25. Nc4 e5 26. Rb6 1/2-1/2

[Event "Klubbmästerskap 2025 Tisdag"]
[Site "Linköping, Sweden"]
[Date "2025.02.11"]
[Round "4.4"]
[White "Thyberg, André"]
[Black "Malm, Simon 1995"]
[Result "1-0"]
[TimeControl "90 min + 30 sec/move"]
[WhiteElo "1961"]
[BlackElo "1976"]

1. e4 c6 2. d4 d5 3. exd5 cxd5 4. c4 Nf6 5. Nc3 Nc6 6. Nf3 Bg4 7. cxd5 Nxd5 8. Qb3 Bxf3 9. gxf3 e6 10.
Qxb7 Nxd4 11. Bb5+ Nxb5 12. Qc6+ Ke7 13. Qc5+ Qd6 14. Qxb5 Nxc3 15. Bg5+ f6 16. Qb7+ Qd7 17. Qxa8 Nd5 18.
Be3 Kf7 19. O-O Nxe3 20. fxe3 Bc5 21. Qxh8 Qd3 22. Qc8 Bxe3+ 23. Kh1 Bf4 24. Qb7+ 1-0

[Event "Klubbmästerskap 2025 Tisdag"]
[Site "Linköping, Sweden"]
[Date "2025.02.11"]
[Round "4.5"]
[White "Pavlic, Oliver"]
[Black "Rosenbecker, Daniel"]
[Result "0-1"]
[TimeControl "90 min + 30 sec/move"]
[BlackTitle "CM"]
[WhiteElo "1950"]
[BlackElo "2110"]

1. d4 Nf6 2. c4 c6 3. Nc3 d5 4. e3 e6 5. Nf3 Nbd7 6. Qc2 Bd6 7. Bd3 dxc4 8. Bxc4 b5 9. Bd3 Bb7 10.
e4 e5 11. O-O O-O 12. h3 a6 13. dxe5 Nxe5 14. Nxe5 Bxe5 15. a4 Rc8 16. Rd1 Qe7 17. Be3 c5 18. Nd5 Nxd5 19. exd5 g6 20.
axb5 c4 21. Be4 axb5 22. Bf3 Qf6 23. Ra7 Ba8 24. b3 Bd6 25. bxc4 bxc4 26. Qc1 Bc5 27. Bxc5 Rxc5 28. Qe3 Rcc8 29.
Bg4 Rcd8 30. Qc5 Rfe8 31. Qxc4 Bxd5 32. Rxd5 Rxd5 33. Qxd5 Re1+ 0-1

[Event "Klubbmästerskap 2025 Tisdag"]
[Site "Linköping, Sweden"]
[Date "2025.02.11"]
[Round "4.6"]
[White "Jakobsson, Leif"]
[Black "Andersson, Albin"]
[Result "1-0"]
[TimeControl "90 min + 30 sec/move"]
[WhiteElo "1714"]
[BlackElo "1614"]

1. e4 e5 2. Nf3 Nc6 3. Bc4 Bc5 4. d3 Nf6 5. O-O d6 6. c3 O-O 7. b4 Bb6 8. a4 a6 9. Qb3 h6 10.
Nh4 Nxe4 11. Ng6 Nf6 12. Nxf8 d5 13. Bxd5 Nxd5 14. Ng6 Be6 15. Nxe5 Nxe5 16. c4 Nf6 17. Ra3 Nfg4 18. Qc2 Nxh2 19.
Kxh2 Qh4+ 20. Kg1 Ng4 21. Bf4 Nxf2 22. c5 Qxf4 23. Rxf2 Qxb4 24. cxb6 cxb6 25. Qb2 Qe1+ 26. Rf1 Qe3+ 27.
Qf2 Qc5 28. Qxc5 bxc5 29. Nc3 Rd8 30. Ne4 Rd5 31. Rc1 c4 32. dxc4 Rd4 33. Nc5 Bxc4 34. Nxb7 Bd5 35. Nc5 Rg4 36.
Rc2 1-0

[Event "Klubbmästerskap 2025 Tisdag"]
[Site "Linköping, Sweden"]
[Date "2025.02.11"]
[Round "4.7"]
[White "Ivarsson, Simon"]
[Black "Modéer, Björn"]
[Result "1/2-1/2"]
[TimeControl "90 min + 30 sec/move"]
[WhiteElo "1771"]
[BlackElo "1700"]

1. e4 c6 2. d4 d5 3. Nc3 dxe4 4. Nxe4 Bf5 5. Ng3 Bg6 6. h4 h5 7. Nf3 Nf6 8. Bd3 Bxd3 9. Qxd3 e6 10.
Bd2 Bd6 11. Ne4 Nxe4 12. Qxe4 Nd7 13. O-O-O Nf6 14. Qe2 Qc7 15. Kb1 Qb6 16. c4 Ba3 17. Bc3 Bb4 18. Rd3 O-O 19. Bxb4 Qxb4 20.
Rb3 Qe7 21. Rd1 Rad8 22. Ng5 1/2-1/2

[Event "Klubbmästerskap 2025 Tisdag"]
[Site "Linköping, Sweden"]
[Date "2025.02.11"]
[Round "4.8"]
[White "Larsson, Elin"]
[Black "Gustavsson, Rolf"]
[Result "1-0"]
[TimeControl "90 min + 30 sec/move"]
[WhiteElo "1666"]
[BlackElo "1695"]

1. e4 c6 2. d4 d5 3. e5 Bf5 4. h4 Bc8 5. Nf3 Bg4 6. Be2 Bxf3 7. Bxf3 g6 8. h5 h6 9. hxg6 fxg6 10.
Qd3 Kf7 11. e6+ Kg7 12. Bf4 Nf6 13. Rh3 g5 14. Be5 Kg8 15. Qg6+ Bg7 16. Bxf6 exf6 17. Qf7+ Kh7 18. Rxh6+ Kxh6 19.
Qh5# 1-0

[Event "Klubbmästerskap 2025 Tisdag"]
[Site "Linköping, Sweden"]
[Date "2025.02.11"]
[Round "4.9"]
[White "Ekman, Theo"]
[Black "Karlsson, Henrik 1974"]
[Result "1-0"]
[TimeControl "90 min + 30 sec/move"]
[WhiteElo "1806"]
[BlackElo "1804"]

1. e4 e6 2. d3 d5 3. Nd2 c5 4. Ngf3 Nc6 5. g3 Nf6 6. Bg2 dxe4 7. dxe4 e5 8. O-O Bg4 9. c3 Be7 10.
h3 Bh5 11. Qa4 a6 12. Nxe5 b5 13. Nxc6 Qc7 14. Qc2 Bg6 15. Nxe7 1-0

[Event "Klubbmästerskap 2025 Tisdag"]
[Site "Linköping, Sweden"]
[Date "2025.02.11"]
[Round "4.10"]
[White "Ahlström, Per"]
[Black "Lilljebjörn, Erik Gustaf"]
[Result "0-1"]
[TimeControl "90 min + 30 sec/move"]
[WhiteElo "1820"]
[BlackElo "1783"]

1. Nf3 Nf6 2. g3 d5 3. Bg2 c6 4. d3 e6 5. O-O Bd6 6. Re1 O-O 7. e4 dxe4 8. dxe4 e5 9. h3 h6 10. Bd2 Be6 11. Bc3 Qc7 12.
Nbd2 Na6 13. Qe2 Nb4 14. Bxb4 Bxb4 15. c3 Be7 16. Nc4 Nd7 17. Rad1 Rad8 18. Rd2 b5 19. Ne3 Bxa2 20. Nf5 Nf6 21.
Red1 Bc4 22. Qe3 Rxd2 23. Rxd2 Kh7 24. g4 Re8 25. g5 Nh5 26. h4 Nf4 27. b4 h5 28. Rd1 g6 29. Nxe7 Qxe7 30.
Ra1 Ra8 31. Ra6 Qe6 32. Nh2 Qd7 33. Bf3 Nh3+ 34. Kh1 Be6 35. Ra1 Bg4 36. Rd1 Bxf3+ 37. Qxf3 Nxf2+ 0-1

[Event "Klubbmästerskap 2025 Tisdag"]
[Site "Linköping, Sweden"]
[Date "2025.02.11"]
[Round "4.11"]
[White "Tonkin, Archie"]
[Black "Martinelle, Christoffer"]
[Result "0-1"]
[TimeControl "90 min + 30 sec/move"]
[WhiteElo "1657"]
[BlackElo "1765"]

1. c4 c5 2. Nc3 Nc6 3. e4 g6 4.
b3 Bg7 5. Bb2 d6 6. Nf3 Bg4 7. h3 Bxf3 8. gxf3 a6 9. Rb1 e6 10. Ne2 Bxb2 11. Rxb2 Qf6 12. Nc3 Nge7 13. a3 Nd4 14.
Be2 Nec6 15. b4 cxb4 16. axb4 O-O 17. Na4 Nxe2 18. Kxe2 Ne5 19. Rb3 Nxc4 20. Rg1 b5 21. Nc3 Ne5 22.
Rg3 Rfd8 23. d3 Nc6 24. Kf1 Nxb4 25. Ne2 Nc6 26. d4 e5 27. d5 Na5 28. Rc3 Rdc8 29. Qe1 Qd8 30. Kg2 Rxc3 31.
Qxc3 Nc4 32. f4 f6 33. f5 Kf7 34. fxg6+ hxg6 35. f4 Qe7 36. Qd3 Re8 37. f5 g5 38. Qf3 Rh8 39. Rg4 Kf8 40.
Qg3 Qg7 41. Kf2 Qa7+ 42. Ke1 Ne3 43.
Rxg5 fxg5 44. Qxg5 Nc2+ 45. Kd1 Ne3+ 46.
Kd2 Nc4+ 47. Ke1 Rxh3 48. Qf6+ Kg8 49. Qe6+ Qf7 50. Qc8+ Kh7 51. Qe6 Rh1+ 52. Kf2 Qxe6 53. dxe6 Kg7 54.
Nc3 Nb6 55. Ke2 Kf6 56. Nd1 Rxd1 57. Kxd1 d5 58. Kd2 dxe4 59.
Ke3 Nc8 60. Kxe4 Ne7 0-1